[Event "Slovenian chT 2019"]
[Site "Slovenia"]
[Date "2019.12.22"]
[Round "9"]
[White "Zupancic, Jernej"]
[Black "Breznik, Kristijan"]
[Result "1-0"]
[ECO "A26"]
[WhiteElo "2240"]
[BlackElo "2180"]
[Annotator "NA"]
[PlyCount "103"]
[EventDate "2019.??.??"]
[EventCountry "SLO"]
[SourceTitle "playchess.com"]
[Source "ChessBase"]
[SourceQuality "1"]
[TimeControl "40/5400+30:1800+30"]

1. Nf3 Nf6 2. c4 g6 3. g3 Bg7 4. Bg2 O-O 5. O-O d6 6. Nc3 e5 7. d3 Nc6 8. Rb1 a5 9. a3 h6 10. b4 axb4 11. axb4 Be6 12. Bd2 Qd7 13. b5 Ne7 14. c5 Bh3 15. b6 Bxg2 16. Kxg2 Nfd5 17. Nxd5 Nxd5 18. bxc7 dxc5 19. Rxb7 Qc6 20. Qb3 Nb4 21. Rb8 Raxb8 22. cxb8=Q Rxb8 23. Rc1 Qd6 24. Qc4 Na6 25. Be3 Rb4 26. Qc2 Rb5 27. h4 Qc6 28. Kg1 Nb4 29. Qc4 Nd5 30. Bxc5 Qb7 31. Bd6 Rb2 32. e4 Nb6 33. Qc3 Nd7 34. Qc8+ Kh7 35. Qxb7 Rxb7 36. Kf1 f6 37. g4 Kg8 38. Rc7 Rxc7 39. Bxc7 Kf7 40. Ke2 Nc5 41. g5 hxg5 42. hxg5 Ke6 43. gxf6 Bxf6 44. Ke3 Bg7 45. Bxe5 Bh6+ 46. Ke2 Bc1 47. Bd4 Nd7 48. Be3 Ba3 49. d4 Nf6 50. Ng5+ Kd7 51. f3 Bb2 52. Nf7 1-0

[Event "Slovenian chT 2019"]
[Site "Slovenia"]
[Date "2019.12.22"]
[Round "9"]
[White "Titan, Matej"]
[Black "Kaps, Darja"]
[Result "1-0"]
[ECO "E16"]
[WhiteElo "2219"]
[BlackElo "2145"]
[Annotator "NA"]
[PlyCount "91"]
[EventDate "2019.??.??"]
[EventCountry "SLO"]
[SourceTitle "playchess.com"]
[Source "ChessBase"]
[SourceQuality "1"]
[TimeControl "40/5400+30:1800+30"]

1. d4 Nf6 2. c4 e6 3. Nf3 b6 4. g3 Bb7 5. Bg2 Bb4+ 6. Nbd2 Ne4 7. O-O O-O 8. Nxe4 Bxe4 9. c5 bxc5 10. a3 Ba5 11. dxc5 c6 12. b4 Bc7 13. Bb2 d5 14. cxd6 Qxd6 15. Qb3 Nd7 16. Rfd1 Qe7 17. Qc3 f5 18. Nd4 Be5 19. Bxe4 fxe4 20. Nxc6 Bxc3 21. Nxe7+ Kf7 22. Bxc3 Kxe7 23. Bxg7 Rfc8 24. Rac1 e5 25. Bh6 Ke6 26. Be3 a6 27. a4 Nf6 28. b5 axb5 29. axb5 Nd5 30. b6 Rc3 31. Rxc3 Nxc3 32. Rd2 Ra1+ 33. Kg2 Rb1 34. Rc2 Rb3 35. Bc1 Kd7 36. Bb2 Nd5 37. Bxe5 Rxb6 38. Rc4 e3 39. f4 Rb1 40. Kf3 Rh1 41. Ke4 Ne7 42. Rc7+ Kd8 43. Ra7 Ke8 44. h4 h5 45. Ra3 Rb1 46. Kxe3 1-0

[Event "Slovenian chT 2019"]
[Site "Slovenia"]
[Date "2019.12.22"]
[Round "9"]
[White "Marn, Jan"]
[Black "Virtic, Franc Ml."]
[Result "1-0"]
[ECO "A85"]
[WhiteElo "2217"]
[BlackElo "2113"]
[Annotator "NA"]
[PlyCount "89"]
[EventDate "2019.??.??"]
[EventCountry "SLO"]
[SourceTitle "playchess.com"]
[Source "ChessBase"]
[SourceQuality "1"]
[TimeControl "40/5400+30:1800+30"]

1. d4 d5 2. Nf3 e6 3. e3 f5 4. c4 Nf6 5. Nc3 c6 6. Qc2 Bd6 7. Bd3 Ne4 8. O-O O-O 9. b3 Nd7 10. Bb2 Qf6 11. Ne2 Qh6 12. Ne5 Ndf6 13. Nf4 g5 14. Ne2 g4 15. Nf4 Nh5 16. Bxe4 Bxe5 17. dxe5 Nxf4 18. exf4 fxe4 19. g3 Qh3 20. cxd5 exd5 21. e6 Bxe6 22. Qc3 Qh6 23. b4 Rae8 24. Rac1 Rf5 25. b5 Bd7 26. Qd4 Rh5 27. h4 gxh3 28. Kh2 Rf5 29. Rg1 a6 30. bxa6 bxa6 31. Ba1 Rc8 32. Rc2 Kf7 33. Rb1 Rxf4 34. Rb7 Rd8 35. Qb6 Qg5 36. Qxc6 Qf5 37. Bd4 Ke8 38. Qd6 e3 39. Qxf4 Qxc2 40. Qe5+ Kf8 41. Bxe3 Qg6 42. Rb6 Bc6 43. Qc7 Re8 44. Rxc6 Qh5 45. Bh6+ 1-0

[Event "Slovenian chT 2019"]
[Site "Slovenia"]
[Date "2019.12.22"]
[Round "9"]
[White "Janzelj, Lara"]
[Black "Stajner, Samo"]
[Result "1-0"]
[ECO "A85"]
[WhiteElo "2181"]
[BlackElo "2380"]
[Annotator "NA RC"]
[PlyCount "87"]
[EventDate "2019.??.??"]
[EventCountry "SLO"]
[SourceTitle "playchess.com"]
[Source "ChessBase"]
[SourceQuality "1"]
[TimeControl "40/5400+30:1800+30"]

1. d4 f5 2. c4 Nf6 3. Nf3 b6 4. Nc3 Bb7 5. e3 e6 6. Bd3 Bb4 7. O-O O-O 8. Bd2 d6 9. d5 exd5 10. cxd5 Ng4 11. e4 f4 12. a3 Bxc3 13. Bxc3 Nd7 14. Nd4 Qh4 15. h3 Nge5 16. f3 Rf6 17. Be1 Qh5 18. Bb5 Nf8 19. Rc1 Bc8 20. Rf2 Rg6 21. Be8 Bd7 22. Bxg6 Nfxg6 23. Ne6 c5 24. Bc3 Rf8 25. Nxf8 Kxf8 26. Bxe5 Nxe5 27. Rc3 Qg5 28. b4 c4 29. Qd4 Bxh3 30. a4 Qg3 31. Kf1 Bd7 32. b5 h5 33. Rxc4 g5 34. Rc7 Ke7 35. Qc3 Qh2 36. Rc2 Qh1+ 37. Kf2 Kf7 38. Rxd7+ Nxd7 39. Qc7 Ke7 40. e5 dxe5 41. Rc6 Qh4+ 42. Ke2 g4 43. Re6+ Kf8 44. Qc8+ 1-0

[Event "Slovenian chT 2019"]
[Site "Slovenia"]
[Date "2019.12.22"]
[Round "9"]
[White "Serdt, Simon"]
[Black "Zupancic, Urban"]
[Result "0-1"]
[ECO "D02"]
[WhiteElo "2178"]
[BlackElo "1993"]
[Annotator "NA"]
[PlyCount "114"]
[EventDate "2019.??.??"]
[EventCountry "SLO"]
[SourceTitle "playchess.com"]
[Source "ChessBase"]
[SourceQuality "1"]
[TimeControl "40/5400+30:1800+30"]

1. d4 d5 2. Nf3 Nf6 3. Bf4 e6 4. e3 Nbd7 5. Nbd2 Be7 6. Bd3 Nh5 7. Ne5 Nxf4 8. exf4 c5 9. dxc5 Bxc5 10. Nb3 Bd6 11. Bb5 O-O 12. Bxd7 Bxd7 13. Nxd7 Qxd7 14. g3 Qb5 15. Qe2 Qxe2+ 16. Kxe2 Rfc8 17. c3 b5 18. a3 a5 19. Kd3 g6 20. Rhc1 Be7 21. Rc2 b4 22. axb4 axb4 23. Rxa8 Rxa8 24. Nd4 bxc3 25. bxc3 Bf6 26. Nc6 Kg7 27. h4 h6 28. Rb2 Ra3 29. Ne5 g5 30. hxg5 hxg5 31. Rb7 Bxe5 32. fxe5 Ra4 33. f3 g4 34. f4 Kg6 35. Rb8 Kg7 36. Rb7 Ra2 37. f5 exf5 38. e6 Kf6 39. exf7 Ra8 40. Rc7 Rf8 41. Kd4 Rxf7 42. Rc6+ Kg5 43. Rd6 Rh7 44. Rxd5 Rh3 45. c4 Rxg3 46. c5 Rg1 47. c6 Rd1+ 48. Ke5 Rc1 49. Kd6 g3 50. Rd2 f4 51. c7 f3 52. Rd5+ Kf4 53. Rc5 Rxc5 54. Kxc5 g2 55. c8=Q g1=Q+ 56. Kb5 Qb1+ 57. Ka5 Qf5+ 0-1

[Event "Slovenian chT 2019"]
[Site "Slovenia"]
[Date "2019.12.22"]
[Round "9"]
[White "Murko, David"]
[Black "Rozman, Monika"]
[Result "1/2-1/2"]
[ECO "C54"]
[WhiteElo "2170"]
[BlackElo "2136"]
[Annotator "NA"]
[PlyCount "148"]
[EventDate "2019.??.??"]
[EventCountry "SLO"]
[SourceTitle "playchess.com"]
[Source "ChessBase"]
[SourceQuality "1"]
[TimeControl "40/5400+30:1800+30"]

1. e4 e5 2. Nf3 Nc6 3. Bc4 Nf6 4. d3 Bc5 5. O-O O-O 6. Nbd2 d6 7. c3 a6 8. Bb3 h6 9. h3 Be6 10. Bc2 Re8 11. Re1 d5 12. exd5 Bxd5 13. Nf1 Qd7 14. Ng3 Rad8 15. Be3 Bf8 16. Nd2 Be6 17. Nde4 Nd5 18. Bc5 Nf4 19. Bxf8 Kxf8 20. Re3 b6 21. Nh5 f5 22. Nd2 Nxh5 23. Qxh5 Bf7 24. Qe2 Re7 25. Nf3 Rde8 26. Qd2 Bh5 27. Nh2 Na5 28. Qe1 c5 29. Qf1 Nc6 30. Ree1 Kg8 31. Bd1 Bg6 32. Bf3 Qd6 33. Rad1 Bf7 34. a3 Bb3 35. Rc1 Bf7 36. Rcd1 b5 37. Bxc6 Qxc6 38. Qe2 Bd5 39. Nf3 e4 40. dxe4 Bxe4 41. Rf1 Bd5 42. Qd2 Bxf3 43. gxf3 Re2 44. Qd5+ Qxd5 45. Rxd5 Rxb2 46. Rxc5 Ra2 47. Rxf5 Rxa3 48. Rc5 Re2 49. Rc7 Rc2 50. Rd1 Raxc3 51. Ra7 Rc1 52. Rxc1 Rxc1+ 53. Kg2 Ra1 54. Rb7 Ra4 55. Kg3 g5 56. f4 gxf4+ 57. Kg4 b4 58. Kf5 Ra5+ 59. Kxf4 Rb5 60. Rxb5 axb5 61. Ke4 Kf7 62. Kd3 Kf6 63. Kc2 Kf5 64. Kb3 Kf4 65. Kxb4 Kf3 66. Kxb5 Kxf2 67. h4 Kg3 68. h5 Kg4 69. Kc4 Kxh5 70. Kd3 Kg4 71. Ke2 Kg3 72. Kf1 Kh2 73. Kf2 h5 74. Kf1 h4 1/2-1/2

[Event "Slovenian chT 2019"]
[Site "Slovenia"]
[Date "2019.12.22"]
[Round "9"]
[White "Pozun, Matej"]
[Black "Jelen, Miha"]
[Result "1-0"]
[ECO "B36"]
[WhiteElo "2099"]
[BlackElo "1849"]
[Annotator "NA"]
[PlyCount "79"]
[EventDate "2019.??.??"]
[EventCountry "SLO"]
[SourceTitle "playchess.com"]
[Source "ChessBase"]
[SourceQuality "1"]
[TimeControl "40/5400+30:1800+30"]

1. e4 c5 2. Nf3 Nc6 3. d4 cxd4 4. Nxd4 g6 5. c4 d6 6. Nc3 Nf6 7. Be2 Nxd4 8. Qxd4 Bg7 9. Be3 O-O 10. Qd2 Be6 11. Rc1 Rc8 12. b3 Qa5 13. f3 a6 14. Na4 Qxd2+ 15. Kxd2 Nd7 16. Nc3 f5 17. exf5 Bxf5 18. Nd5 Rf7 19. Bg5 Nf6 20. Rhe1 Nxd5 21. cxd5 Rxc1 22. Rxc1 e5 23. g4 Bd7 24. Rc7 Be8 25. Rc8 Kf8 26. b4 h6 27. Bd8 Rf4 28. Bd3 Rxf3 29. Bb6 Rf6 30. Rb8 Bh8 31. b5 g5 32. Bf5 Rf7 33. Be6 Rh7 34. Bf5 Rf7 35. Bg6 Re7 36. Ke3 e4 37. Bd8 Re5 38. Bc7 Kg7 39. Bxe8 Rxd5 40. Rxb7 1-0

[Event "Slovenian chT 2019"]
[Site "Slovenia"]
[Date "2019.12.22"]
[Round "9"]
[White "Rozic, Adrijan"]
[Black "Urbanc, Peter"]
[Result "0-1"]
[ECO "A80"]
[WhiteElo "2048"]
[BlackElo "2212"]
[Annotator "NA"]
[PlyCount "88"]
[EventDate "2019.??.??"]
[EventCountry "SLO"]
[SourceTitle "playchess.com"]
[Source "ChessBase"]
[SourceQuality "1"]
[TimeControl "40/5400+30:1800+30"]

1. d4 d5 2. Nf3 e6 3. e3 f5 4. Ne5 Nf6 5. f4 Be7 6. Be2 O-O 7. O-O c5 8. c3 Nc6 9. Nd2 Bd7 10. b3 cxd4 11. exd4 Rc8 12. Bb2 Nxe5 13. dxe5 Ne4 14. Nxe4 dxe4 15. c4 Qb6+ 16. Bd4 Bc5 17. Bxc5 Qxc5+ 18. Kh1 Rfd8 19. Qe1 Be8 20. Qc3 Qa3 21. Rfc1 b6 22. Rc2 Qc5 23. Rac1 a5 24. Rd2 Rxd2 25. Qxd2 g5 26. Rd1 Bc6 27. Qd6 Qxd6 28. Rxd6 gxf4 29. Rxe6 f3 30. Bf1 e3 31. Rxc6 Rxc6 32. gxf3 f4 33. Kg1 Rg6+ 34. Kh1 Kf7 35. c5 bxc5 36. Bd3 Rg5 37. Bc4+ Ke7 38. e6 h5 39. a3 h4 40. b4 cxb4 41. axb4 axb4 42. Be2 h3 43. Bd3 Ra5 44. Bf1 Ra1 0-1

[Event "Slovenian chT 2019"]
[Site "Slovenia"]
[Date "2019.12.22"]
[Round "9"]
[White "Rozman, Mitja"]
[Black "Belsak, Zan"]
[Result "1-0"]
[ECO "A81"]
[WhiteElo "2014"]
[BlackElo "2172"]
[Annotator "NA"]
[PlyCount "97"]
[EventDate "2019.??.??"]
[EventCountry "SLO"]
[SourceTitle "playchess.com"]
[Source "ChessBase"]
[SourceQuality "1"]
[TimeControl "40/5400+30:1800+30"]

1. Nf3 d6 2. d4 g6 3. g3 Bg7 4. Bg2 f5 5. b4 Nf6 6. O-O c6 7. a4 O-O 8. Ba3 Re8 9. c3 h6 10. Nbd2 Kh7 11. Qc2 e5 12. dxe5 dxe5 13. Rad1 Qc7 14. e4 Qf7 15. c4 f4 16. c5 Nh5 17. Nc4 Qg8 18. Rd3 Bg4 19. Bb2 Na6 20. Ba3 Nb8 21. Rfd1 Nf6 22. Nd6 Re7 23. Bb2 Na6 24. Qc3 Rb8 25. R1d2 Nd7 26. Nc4 Rbe8 27. h3 Be6 28. Nd6 Rb8 29. Kh2 b6 30. cxb6 Rxb6 31. Ba3 c5 32. b5 Nb4 33. Bxb4 cxb4 34. Qxb4 Bf8 35. Qc3 Bg7 36. Nc8 Re8 37. Nxb6 Nxb6 38. Qc7 Nc4 39. Rc2 fxg3+ 40. fxg3 Qf8 41. Qxa7 Ra8 42. Qc7 Rxa4 43. b6 Rb4 44. b7 g5 45. Rxc4 Bxc4 46. Rd7 Ba6 47. b8=Q Rxb8 48. Rxg7+ Qxg7 49. Qxb8 1-0

[Event "Slovenian chT 2019"]
[Site "Slovenia"]
[Date "2019.12.22"]
[Round "9"]
[White "Janzekovic, Klemen"]
[Black "Susnik, Matej"]
[Result "1/2-1/2"]
[ECO "C00"]
[WhiteElo "2009"]
[BlackElo "2030"]
[Annotator "NA"]
[PlyCount "62"]
[EventDate "2019.??.??"]
[EventCountry "SLO"]
[SourceTitle "playchess.com"]
[Source "ChessBase"]
[SourceQuality "1"]
[TimeControl "40/5400+30:1800+30"]

1. e4 c5 2. Nf3 e6 3. d3 d5 4. Nbd2 Nc6 5. g3 Nf6 6. Bg2 Be7 7. O-O O-O 8. Re1 Qc7 9. Qe2 b5 10. Nf1 a5 11. e5 Nd7 12. c3 Ba6 13. h4 b4 14. Bf4 a4 15. c4 Nb6 16. b3 Bb7 17. h5 axb3 18. axb3 Rxa1 19. Rxa1 Ra8 20. Rxa8+ Bxa8 21. Qa2 Qa7 22. Qxa7 Nxa7 23. Ne3 Nc6 24. Kf1 Bd8 25. Ng4 h6 26. Be3 Nd7 27. Bf4 Na5 28. Nd2 Bg5 29. Bxg5 hxg5 30. f4 gxf4 31. gxf4 Bc6 1/2-1/2